Map: Romanticide LE

Players

Cham

  • Race: Zerg Zerg

JimRising - Winner!

  • Race: Zerg Zerg

Event: DreamHack SC2 Masters 2021 Fall

VOD

Have the link to the VOD?

Description

Time

  • Played on: July 28, 2021, 4:42 p.m.
  • Length: 10:40

All games in this series

Show
View Real Time Build Order
Export as new Build Order

Cham Zerg 

Build Orders: Hatch First, Lurkers 

Get SALT Encoding   

  12  0:00  Drone  
  13  0:08  Drone  
  14  0:17  Overlord  
  14  0:35  Drone x2  
  16  0:49  Hatchery  
  15  0:51  Drone  
  15  0:55  Drone  
  17  0:58  Drone  
  18  1:11  Spawning Pool  
  18  1:13  Extractor  
  18  1:16  Drone  
  17  1:19  Drone  
  18  1:29  Drone  
  19  1:41  Drone  
  20  1:51  Drone  
  21  2:00  Queen x2  
  25  2:02  Zergling x2  
  25  2:04  Drone  
  27  2:12  Drone  
  28  2:16  Metabolic Boost  
  28  2:17  Overlord  
  28  2:29  Hatchery  
  27  2:33  Drone  
  27  2:36  Drone  
  31  2:45  Drone  
  32  2:58  Drone x4  
  36  2:59  Overlord  
  34  3:09  Drone x2  
  36  3:13  Overlord  
  36  3:18  Drone x5  
  41  3:20  Evolution Chamber  
  41  3:25  Drone, Roach Warren  
  40  3:27  Drone  
  42  3:34  Drone  
  42  3:36  Extractor  
  42  3:37  Extractor  
  40  3:43  Drone x7  
  40  3:46  Overlord  
  47  3:54  Queen  
  48  4:02  Overlord  
  48  4:05  Roach x4  
  48  4:07  Roach  
  58  4:11  Zerg Missile Weapons Level 1  
  58  4:14  Roach  
  60  4:20  Drone x2  
  60  4:21  Drone x2  
  64  4:24  Drone x3  
  64  4:25  Drone  
  64  4:28  Roach  
  70  4:34  Lair  
  70  4:37  Queen  
  72  4:42  Queen  
  74  4:45  Overlord  
  74  4:48  Overlord  
  74  4:51  Overlord  
  74  4:59  Overlord  
  74  5:04  Roach x4  
  82  5:07  Roach x2  
  82  5:08  Roach  
  82  5:09  Overlord  
  82  5:11  Overlord  
  88  5:16  Drone x2  
  88  5:17  Drone  
  88  5:19  Roach x2  
  95  5:23  Queen  
  95  5:25  Roach  
  95  5:28  Queen  
  101  5:30  Roach  
  101  5:34  Roach x2  
  107  5:38  Overlord  
  107  5:40  Roach x2  
  113  5:42  Roach  
  113  5:44  Roach  
  113  5:46  Glial Reconstitution  
  119  5:50  Roach x2  
  119  5:52  Overseer  
  119  5:53  Overlord  
  121  5:57  Extractor, Roach x2  
  121  6:02  Overlord  
  121  6:03  Drone x3  
  125  6:10  Drone x5  
  130  6:16  Extractor, Hydralisk Den  
  130  6:17  Extractor, Drone x2  
  130  6:18  Drone  
  130  6:20  Drone x2  
  130  6:25  Drone x3  
  134  6:26  Drone  
  134  6:32  Overlord  
  136  6:34  Overlord x2  
  136  6:37  Zerg Missile Weapons Level 2  
  136  6:45  Hydralisk  
  138  6:50  Overlord  
  138  6:51  Lurker Den, Hydralisk x3  
  143  6:55  Hydralisk  
  143  6:57  Pneumatized Carapace  
  143  6:58  Overseer  
  143  7:00  Hydralisk  
  147  7:05  Overlord, Hydralisk x2  
  151  7:09  Overlord  
  151  7:11  Drone, Hydralisk  
  151  7:13  Hydralisk  
  156  7:19  Drone  
  157  7:25  Hydralisk  
  157  7:27  Overlord  
  159  7:30  Hatchery, Overlord  
  158  7:39  Overlord  
  158  7:43  Overlord  
  158  7:49  Lurker x5  
  163  7:52  Roach x5  
  163  7:53  Overlord x2  
  163  7:55  Roach  
  175  8:02  Roach x3  
  175  8:05  Roach x2  
  185  8:09  Roach  
  185  8:10  Overlord, Roach x2  
  193  8:20  Roach x4  
  193  8:25  Drone  
  200  8:28  Infestation Pit  
  183  8:49  Roach x8  
  197  9:00  Extractor  
  197  9:01  Extractor  
  195  9:12  Roach  
  195  9:13  Roach x2  
  196  9:21  Overseer  
  196  9:23  Overseer x2  
  172  9:30  Hydralisk x13  
  194  9:33  Roach Warren  
  182  9:42  Hydralisk x4  
  128  9:47  Hydralisk  
  97  9:53  Hydralisk  
  82  10:00  Hydralisk  
  60  10:13  Roach x3  
  56  10:18  Roach  
Show
View Real Time Build Order
Export as new Build Order

JimRising Zerg - Winner!

Build Orders: Hatch First, Lurkers, Roach Hydra 

Get SALT Encoding   

  12  0:00  Drone  
  13  0:12  Overlord  
  13  0:17  Drone  
  14  0:30  Drone x2  
  16  0:49  Hatchery  
  15  0:52  Drone  
  15  0:54  Drone  
  17  0:58  Drone  
  17  1:04  Extractor  
  17  1:16  Spawning Pool  
  17  1:17  Drone  
  17  1:21  Drone  
  18  1:28  Drone  
  19  1:37  Overlord  
  19  1:52  Drone  
  20  2:01  Drone x2  
  22  2:03  Queen x2  
  26  2:11  Drone  
  26  2:12  Drone  
  28  2:24  Zergling x2  
  28  2:25  Drone  
  30  2:32  Overlord  
  30  2:33  Drone  
  31  2:38  Queen  
  31  2:43  Overlord  
  33  2:48  Overlord  
  33  2:54  Drone  
  33  2:56  Drone  
  35  3:02  Evolution Chamber  
  34  3:11  Drone x3  
  34  3:12  Drone x2  
  39  3:13  Drone x2  
  39  3:14  Drone  
  39  3:17  Drone  
  43  3:21  Drone, Roach Warren  
  43  3:25  Lair  
  43  3:30  Zerg Missile Weapons Level 1  
  43  3:35  Drone  
  43  3:36  Evolution Chamber  
  43  3:37  Drone  
  43  3:38  Drone  
  43  3:41  Drone  
  46  3:43  Drone x2  
  48  3:54  Drone x4  
  52  3:57  Extractor  
  52  3:58  Extractor  
  50  4:10  Overlord x2  
  50  4:11  Hatchery  
  50  4:12  Drone  
  50  4:14  Extractor  
  51  4:24  Roach x4  
  51  4:25  Glial Reconstitution, Roach  
  51  4:30  Drone x2  
  61  4:37  Roach x3  
  67  4:40  Roach  
  69  4:52  Drone, Overlord  
  70  4:53  Drone x3  
  73  5:00  Overlord  
  73  5:02  Overlord  
  73  5:03  Roach  
  75  5:09  Overlord  
  75  5:12  Roach x2  
  79  5:21  Drone x2  
  80  5:23  Drone x3  
  83  5:29  Drone x4  
  83  5:31  Zerg Missile Weapons Level 2  
  87  5:36  Roach x2  
  87  5:37  Roach  
  93  5:44  Zerg Ground Armor Level 1  
  93  5:45  Overlord  
  93  5:48  Overlord  
  93  5:49  Drone  
  94  5:55  Roach x2  
  94  5:56  Roach  
  100  5:58  Drone x2  
  100  5:59  Extractor, Drone x3  
  106  6:04  Roach x4  
  114  6:25  Roach  
  114  6:26  Roach x8  
  114  6:27  Overlord x3  
  114  6:30  Overlord x2  
  130  6:36  Overseer  
  130  6:37  Overlord x2  
  130  6:44  Extractor, Drone  
  130  6:46  Hydralisk Den  
  129  6:48  Drone x3  
  129  6:53  Roach x4  
  140  7:00  Drone x2  
  142  7:05  Roach x2  
  142  7:06  Roach  
  150  7:08  Roach  
  150  7:11  Drone  
  150  7:12  Hatchery, Roach  
  150  7:13  Roach  
  150  7:15  Ravager x5  
  159  7:22  Lurker Den  
  158  7:33  Hydralisk x5  
  168  7:38  Grooved Spines  
  168  7:42  Extractor, Drone x3  
  170  7:57  Drone x2  
  172  7:59  Overlord x3  
  172  8:00  Drone  
  172  8:04  Overlord  
  173  8:06  Hydralisk x2  
  173  8:09  Overlord x2  
  173  8:10  Extractor  
  176  8:15  Infestation Pit  
  175  8:21  Lurker x4  
  175  8:23  Lurker  
  180  8:28  Overseer, Hydralisk  
  180  8:29  Hydralisk x2  
  186  8:37  Overseer x3  
  185  8:49  Muscular Augments  
  185  8:52  Hydralisk  
  185  8:53  Hydralisk x3  
  193  8:58  Hydralisk x3  
  199  9:04  Hive  
  199  9:07  Overlord x2  
  163  9:27  Hydralisk  
  163  9:28  Roach  
  163  9:29  Roach x12  
  169  9:33  Overseer, Roach  
  169  9:34  Roach  
  163  9:41  Roach  
  163  9:42  Roach x3  
  163  9:43  Roach x4  
  112  10:11  Roach x3  
  107  10:16  Roach  

Tags
 
Add a new tag
Caveats
  • Supply blocks, unpowered buildings, or Contaminate may cause inaccurate times.
  • Supply counts are checked every 10 seconds.